 Dungeon Crawl Stone Soup version 0.31.0-11-ge490571c62 (webtiles) character file.

Game seed: 1565215690221079661

138513 Colgate the Peltast (level 16, -2/140 HPs)
             Began as a Demonspawn Hunter on Feb 6, 2024.
             Was the Champion of Wu Jian.
             Slain by a spark wasp (19 damage)
             ... on level 3 of the Spider Nest on Feb 7, 2024.
             The game lasted 02:10:55 (27204 turns).

Colgate the Peltast (Demonspawn Hunter)            Turns: 27204, Time: 02:10:56

Health: -2/140     AC: 23    Str: 17 (18) XL:     16   Next: 71%
Magic:  6/16       EV: 12    Int: 10 (11) God:    Wu Jian [******]
Gold:   3339       SH: 10    Dex: 25 (26) Spells: 15/15 levels left

rFire   + + .        a - +9 scimitar (flame)
rCold   . . .        I - +0 buckler
rNeg    . . .        j - +3 scale mail {rF+}
rPois   +            W - +2 helmet {SInv}
rElec   .            L - scarf {harm}
rCorr   .            k - +1 pair of gloves
SInv    +            M - +2 pair of boots
Will    ++...        y - amulet of regeneration
Stlth   +            O - +6 ring of dexterity
HPRegen 1.23/turn    U - ring "Sykhloh" {rPois rF+ Will+ Str+6 Dex-3}
MPRegen 0.15/turn

%: harm (+30% outgoing, +20% incoming)
@: no status effects
A: slimy green scales 2, powered by death 3, demonic magic 1, weakness stinger 2
a: Renounce Religion, Wall Jump, Serpent's Lash, Heavenly Storm


You were on level 3 of the Spider Nest.
You worshipped Wu Jian.
Wu Jian was exalted by your worship.
You visited 6 branches of the dungeon, and saw 27 of its levels.
You also visited: Sewer, Ossuary and Volcano.

You collected 3818 gold pieces.
You spent 479 gold pieces at shops.

Inventory:

Hand Weapons
 a - a +9 scimitar of flaming (weapon)
Missiles
 r - 21 poisoned darts (quivered)
 t - 4 curare-tipped darts
 x - 16 boomerangs
 J - 12 javelins
 N - a throwing net {!f}
 Z - 9 atropa-tipped darts
Armour
 j - a +3 scale mail of fire resistance (worn)
 k - a +1 pair of gloves (worn)
 I - a +0 buckler (worn)
 L - a scarf of harm (worn)
 M - a +2 pair of boots (worn)
 W - a +2 helmet of see invisible (worn)
Jewellery
 o - a +4 ring of protection
 y - an amulet of regeneration (around neck)
 H - a ring of willpower
 O - a +6 ring of dexterity (left hand)
 U - the ring "Sykhloh" (right hand) {rPois rF+ Will+ Str+6 Dex-3}
   (You found it on level 2 of the Spider Nest)

   [ring of protection from fire]

   Str+6:     It affects your strength (+6).
   Dex-3:     It affects your dexterity (-3).
   rF+:       It protects you from fire.
   rPois:     It protects you from poison Will+: It increases your willpower.
 X - a ring of resist corrosion
Wands
 f - a wand of roots (18) {@v2}
 m - a wand of paralysis (31)
 R - a wand of flame (23)
 S - a wand of mindburst (15)
 T - a wand of acid (11) {@v1}
Scrolls
 c - 4 scrolls of vulnerability
 d - 3 scrolls of fear
 e - a scroll of butterflies
 i - 3 scrolls of immolation
 l - 10 scrolls of teleportation {@r3}
 n - 4 scrolls of poison
 p - 2 scrolls of revelation
 D - 2 scrolls of summoning
 P - 2 scrolls of blinking {@r4}
 V - 7 scrolls of fog
 Y - 3 scrolls of amnesia
Potions
 g - 5 potions of enlightenment
 h - 2 potions of might {@q3}
 q - a potion of ambrosia {unknown}
 s - 2 potions of brilliance
 u - 2 potions of degeneration {unknown}
 v - 6 potions of cancellation
 w - 6 potions of lignification
 z - 3 potions of heal wounds {@q2}
 A - 7 potions of resistance {@q5}
 B - 2 potions of invisibility
 C - 4 potions of magic
 E - 5 potions of curing {@q1}
 F - 2 potions of berserk rage {unknown}
 G - a potion of mutation {unknown}
 K - 5 potions of haste {@q4}
 Q - a potion of attraction
Miscellaneous
 b - a tin of tremorstones (2/2)


   Skills:
 - Level 16.8 Fighting
 - Level 3.1(9.5) Short Blades
 - Level 13.8(14.0) Long Blades
 - Level 4.0 Ranged Weapons
 - Level 8.1 Armour
 - Level 3.2 Dodging
 - Level 0.8 Stealth
 + Level 18.7 Shields
 - Level 4.0 Evocations


You had 15 spell levels left.
You didn't know any spells.
Your spell library contained the following spells:

 Spells                   Type           Power      Damage    Failure   Level
 Necrotise                Necr           0%         1d4       75%         1
 Cigotuvi's Dreadful Rot  Necr/Alch/Air  0%         N/A       87%         2
 Mercury Vapours          Alch/Air       0%         N/A       87%         2
 Sublimation of Blood     Necr           0%         N/A       87%         2
 Call Canine Familiar     Summ           0%         N/A       98%         3
 Frozen Ramparts          Ice            0%         1d1       98%         3
 Fugue of the Fallen      Necr           0%         N/A       98%         3
 Inner Flame              Hex/Fire       0%         N/A       98%         3
 Mephitic Cloud           Conj/Alch/Air  0%         N/A       98%         3
 Ozocubu's Armour         Ice            0%         N/A       98%         3
 Sigil of Binding         Hex            0%         N/A       98%         3
 Anguish                  Hex/Necr       0%         N/A       100%        4
 Animate Dead             Necr           0%         N/A       100%        4
 Brom's Barrelling Bould  Conj/Erth      0%         2d3       100%        4
 Cause Fear               Hex            0%         N/A       100%        4
 Dimensional Bullseye     Hex/Tloc       0%         N/A       100%        4
 Flame Wave               Conj/Fire      0%         2d4       100%        4
 Ignite Poison            Fire/Alch      0%         N/A       100%        4
 Leda's Liquefaction      Alch/Erth      0%         N/A       100%        4
 Manifold Assault         Tloc           0%         N/A       100%        4
 Petrify                  Alch/Erth      0%         N/A       100%        4
 Sticky Flame             Fire/Alch      0%         2d4       100%        4
 Summon Blazeheart Golem  Fire/Summ      0%         N/A       100%        4
 Vhi's Electric Charge    Tloc/Air       0%         N/A       100%        4
 Arcjolt                  Conj/Air       0%         1d10      100%        5
 Borgnjor's Vile Clutch   Necr/Erth      0%         N/A       100%        5
 Fireball                 Conj/Fire      0%         3d3       100%        5
 Freezing Cloud           Conj/Ice/Air   0%         6-21      100%        5
 Irradiate                Conj/Alch      0%         3d11      100%        5
 Iskenderun's Battlesphe  Conj           0%         2d6       100%        5
 Metabolic Englaciation   Hex/Ice        0%         N/A       100%        5
 Bombard                  Conj/Erth      0%         9d1       100%        6
 Conjure Ball Lightning   Conj/Air       0%         3x3d6     100%        6
 Death Channel            Necr           0%         N/A       100%        6
 Starburst                Conj/Fire      0%         6d3       100%        6
 Enfeeble                 Hex            0%         N/A       100%        7
 Orb of Destruction       Conj           0%         9d5       100%        7
 Spellforged Servitor     Conj/Summ      0%         N/A       100%        7
 Maxwell's Capacitive Co  Air            0%         ∞         100%        8


Dungeon Overview and Level Annotations

Branches:
Dungeon (15/15)            Temple (1/1) D:6            Lair (5/5) D:11
 Shoals (1/4) Lair:2       Spider (3/4) Lair:2        Slime (0/5) Lair:4
    Orc (2/2) D:12            Elf (0/3) Orc:2        Vaults (0/5) D:13
 Depths (0/4) D:15          Sewer (visited)         Ossuary (visited)
Volcano (visited)

Altars:
Ashenzari
Cheibriados
Dithmenos
Fedhas
Gozag
Hepliaklqana
Kikubaaqudgha
Makhleb
Nemelex Xobeh
Okawaru
Qazlal
Ru
Sif Muna
Trog
Uskayaw
Vehumet
Wu Jian
Xom
Yredelemnul
Jiyva

Shops:
D:6 *   D:12 *   Orc:2 *(**

Annotations:
D:3 3 runed translucent doors, lasso's ghost, amateur DrAE
D:9 3 runed translucent doors, tezkier's ghost, novice DjFE


Innate Abilities, Weirdness & Mutations

You are mostly covered in slimy green scales. (AC +3)
You regenerate a lot of health from kills.
Spells you cast may paralyse adjacent enemies.
You have a tail ending in a sharp stinger.


Message History

The ghost moth stares at you.
You feel your power leaking away.
The ghost moth hits you but does no damage. x2
The ghost moth closely misses you.
You slice the ghost moth!! You burn the ghost moth!
The ghost moth stares at you.
You feel your power leaking away. The ghost moth hits you!
You feel weakened.
The ghost moth hits you but does no damage.
You block the ghost moth's attack.
You slash the ghost moth! You burn the ghost moth!
You kill the ghost moth!
The Council accepts your kill.
No target in view!
A spark wasp comes into view.
The spark wasp buzzes angrily.
The spark wasp bursts into living lightning!
The living lightning hits you!
The spark wasp blinks! x2
The spark wasp stings you! The spark wasp shocks you!
You hit the spark wasp but do no damage.
You tail-slap the spark wasp, but do no damage.
You block the spark wasp's attack.
You hit the spark wasp but do no damage.
The spark wasp stings you! The spark wasp shocks you!
You hit the spark wasp. You burn the spark wasp. You tail-slap the spark wasp.
The spark wasp closely misses you.
You slash the spark wasp! You burn the spark wasp.
You tail-slap the spark wasp. The spark wasp stings you.
The spark wasp shocks you!
* * * LOW HITPOINT WARNING * * *
You barely miss the spark wasp. You block the spark wasp's attack.
You closely miss the spark wasp.
You tail-slap the spark wasp, but do no damage.
The spark wasp barely misses you.
You hit the spark wasp but do no damage.
You tail-slap the spark wasp. The spark wasp stings you!
* * * LOW HITPOINT WARNING * * *
The spark wasp shocks you!
You die...

###.###
##^....####
#...#..#..##
#...#^.....##
##..##...#.^##
##..[#####...#
##...##^^###..##
#...##.†y..#...#
##..##^..#@....##
#...#§.#####...#
#..### #####
##..# #^.##
#...## ##...##
##...## ###..##


You could see a spark wasp.

Vanquished Creatures
  Gastronok (Lair:3)
  An emperor scorpion (Spider:1)
  2 ghost moths (Spider:3)
  A broodmother (Spider:1)
  Nessos (Orc:2)
  6 dire elephants (Lair:5)
  Snorg (D:11)
  2 entropy weavers (Spider:1)
  7 hydras
  An ogre mage (D:15)
  A jorogumo (Spider:1)
  A vault guard (D:13)
  A radroach (Spider:3)
  A death knight (D:11)
  3 catoblepae
  6 two-headed ogres
  7 centaur warriors
  3 boulder beetles
  2 tengu warriors
  A vampire mage (D:15)
  4 orc high priests (Orc:2)
  A hell knight (Volcano)
  A storm dragon zombie (D:15)
  Sonja (Orc:2)
  4 skysharks
  9 skeletal warriors
  6 pharaoh ants
  A sea snake (Shoals:1)
  A spark wasp zombie (D:15)
  A spectral death yak (Lair:5)
  A spectral anaconda (Lair:5)
  7 orb spiders
  An obsidian statue (Lair:5)
  A lindwurm (Lair:4)
  A sun moth (Spider:3)
  4 orc knights
  2 steelbarb worms
  4 deep elf pyromancers
  13 wolf spiders
  4 necromancers
  3 ugly things
  3 orc sorcerers
  A moth of wrath (Spider:1)
  4 manticores
  3 salamanders (Volcano)
  7 cyclopes
  4 meliai
  2 kobold blastminers (Orc:2)
  2 black mambas (Lair:5)
  14 elephants
  5 molten gargoyles (Volcano)
  8 torpor snails
  4 gargoyles
  Jeremiah (D:6)
  13 cane toads
  A dire elephant skeleton (Lair:5)
  A kobold demonologist (D:10)
  An unseen horror (shapeshifter) (D:13)
  An unseen horror (D:13)
  A rime drake (Lair:2)
  13 komodo dragons
  A tengu conjurer (D:15)
  2 efreet
  Psyche (D:9)
  2 hornets
  A queen bee (Spider:2)
  A polar bear (Lair:5)
  20 tarantellas
  9 trolls
  12 blink frogs
  Grinder (D:6)
  Prince Ribbit (D:9)
  3 dream sheep (Lair:5)
  15 culicivoras
  A snapping turtle (Shoals:1)
  28 jumping spiders
  4 slime creatures (D:13)
  4 wraiths
  A vampire (D:12)
  3 shadows
  3 wyverns
  A dire elephant simulacrum (Lair:5)
  37 redbacks
  36 yaks
  6 vampire mosquitoes (D:13)
  A steam dragon (D:7)
  A warg (Orc:2)
  5 basilisks
  Menkaure (D:6)
  A spectral cane toad (Lair:5)
  2 acid dragons (D:11)
  9 water moccasins
  2 hell hounds (Orc:1)
  A sky beast (D:6)
  A hornet zombie (D:8)
  27 orc warriors
  A black bear (D:7)
  2 elephant zombies (Lair:5)
  2 laughing skulls (D:15)
  8 ogres
  20 wolves
  3 boggarts (D:15)
  12 centaurs
  2 elephant skeletons (Lair:5)
  A phantom (D:5)
  A weeping skull (Ossuary)
  3 kobold brigands
  13 bullfrogs
  A cane toad simulacrum (Lair:5)
  A wyvern zombie (D:8)
  4 scorpions
  6 water moccasin zombies (Ossuary)
  7 wights
  23 killer bees
  3 bombardier beetles
  5 howler monkeys
  A lava snake (Orc:2)
  A centaur zombie (D:8)
  A hound (D:5)
  5 jellies
  37 orc priests
  A gnoll bouda (D:7)
  Ijyb (D:5)
  4 iguanas
  35 orc wizards
  A killer bee zombie (D:8)
  A crocodile zombie (Ossuary)
  2 bullfrog simulacra (Ossuary)
  2 mummies (Ossuary)
  3 howler monkey zombies (D:8)
  15 gnolls
  11 adders
  5 white imps
  4 ufetubi
  5 adder zombies (Ossuary)
  4 ribbon worms
  2 dart slugs
  96 orcs
  5 bats
  12 endoplasms
  5 giant cockroaches
  8 goblins
  5 hobgoblins
  8 jackals (D:2)
  3 quokkas
  10 ball pythons
  2 frilled lizards (D:2)
  5 gnoll zombies (Ossuary)
  3 jackal zombies (Ossuary)
  29 kobolds
  7 rats
909 creatures vanquished.

Notes
Turn   | Place    | Note
-------+----------+-------------------------------------------
     0 | D:1      | Colgate the Demonspawn Hunter began the quest for the Orb.
     0 | D:1      | Reached XP level 1. HP: 16/16 MP: 1/1
   264 | D:1      | Gained mutation: You regenerate a little health from kills.
                  | [demonic ancestry]
   264 | D:1      | Reached XP level 2. HP: 22/22 MP: 2/2
   585 | D:2      | Found a faded altar of an unknown god.
   673 | D:2      | Found an iron altar of Okawaru.
   680 | D:2      | Reached skill level 1 in Short Blades
   756 | D:2      | Reached XP level 3. HP: 8/27 MP: 3/3
   901 | D:2      | Identified the +2 robe "Unaezun" {rPois rN+ Regen+}
  1677 | D:2      | Reached XP level 4. HP: 33/33 MP: 4/4
  1801 | D:2      | Upgraded the game from 0.31.0-9-g3a7656b989 to
                  | 0.31.0-11-ge490571c62
  1911 | D:3      | Found a runed translucent gate.
  1912 | D:3      | Found a runed translucent gate.
  1913 | D:3      | Found a runed translucent gate.
  1917 | D:3      | Noticed a kobold brigand
  1917 | D:3      | Noticed lasso's ghost (amateur DrAE)
  2131 | D:3      | Found an ornate altar of the Wu Jian Council.
  2135 | D:3      | Reached skill level 1 in Long Blades
  2151 | D:3      | Became a worshipper of the Wu Jian Council
  2469 | D:3      | Found a bloodstained altar of Trog.
  2553 | D:4      | Noticed a scorpion
  2560 | D:4      | Killed a scorpion
  2561 | D:4      | Reached XP level 5. HP: 38/38 MP: 5/5
  2642 | D:4      | Reached XP level 6. HP: 44/44 MP: 6/6
  2726 | D:4      | Reached * piety under Wu Jian
  2905 | D:4      | Found a glowing drain.
  2912 | Sewer    | Entered a sewer
  3575 | D:4      | Found a blossoming altar of Fedhas.
  3584 | D:4      | Reached skill level 5 in Long Blades
  4042 | D:4      | Reached XP level 7. HP: 50/50 MP: 7/7
  4044 | D:4      | Found a shadowy altar of Dithmenos.
  4045 | D:4      | Reached ** piety under Wu Jian
  4077 | D:5      | Entered Level 5 of the Dungeon
  4217 | D:5      | You fall into a shaft and drop 3 floors!
  4416 | D:7      | Noticed a steam dragon
  4430 | D:7      | Noticed a wyvern
  4434 | D:7      | Killed a steam dragon
  4435 | D:7      | Gained mutation: You are partially covered in slimy green
                  | scales. (AC +2) [demonic ancestry]
  4435 | D:7      | Reached XP level 8. HP: 25/56 MP: 8/8
  4796 | D:7      | Found a radiant altar of Vehumet.
  4800 | D:7      | Found a shimmering blue altar of Sif Muna.
  4801 | D:7      | Found an ancient bone altar of Kikubaaqudgha.
  4804 | D:7      | Got Kikubaaqudgha's Monograph on Open Graves
  4862 | D:7      | Found a stormy altar of Qazlal.
  4896 | D:6      | Noticed Jeremiah
  4922 | D:6      | Found a staircase to the Ecumenical Temple.
  4951 | D:6      | Killed Jeremiah
  4951 | D:6      | Reached *** piety under Wu Jian
  4952 | D:6      | Reached skill level 10 in Long Blades
  5012 | D:6      | Found Canear's Magic Scroll Emporium.
  5062 | D:6      | Noticed Grinder
  5063 | D:6      | Found Xerchum's General Store.
  5105 | D:6      | Killed Grinder
  5106 | D:6      | Gained mutation: You regenerate health from kills. [demonic
                  | ancestry]
  5106 | D:6      | Reached XP level 9. HP: 54/64 MP: 9/9
  5272 | D:6      | Found a sand-covered staircase.
  5276 | D:6      | Noticed Menkaure
  5329 | D:6      | Killed Menkaure
  5341 | Ossuary  | Entered an ossuary
  5670 | Ossuary  | Reached **** piety under Wu Jian
  6131 | D:5      | Noticed Ijyb
  6343 | D:5      | Killed Ijyb
  7176 | Temple   | Entered the Ecumenical Temple
  7407 | D:7      | Noticed a purple ugly thing
  7437 | D:7      | Killed a purple ugly thing
  7635 | D:7      | Gained mutation: You are mostly covered in slimy green
                  | scales. (AC +3) [demonic ancestry]
  7635 | D:7      | Reached XP level 10. HP: 73/73 MP: 10/10
  8868 | D:9      | Reached ***** piety under Wu Jian
  8875 | D:9      | Noticed Psyche
  8888 | D:9      | Killed Psyche
  8904 | D:9      | Found an iron altar of Okawaru.
  9186 | D:9      | Found a runed translucent gate.
  9187 | D:9      | Found a runed translucent gate.
  9187 | D:9      | Found an opulent altar of Gozag.
  9188 | D:9      | Found a runed translucent gate.
  9193 | D:9      | Noticed an arcanist
  9194 | D:9      | Noticed tezkier's ghost (novice DjFE)
  9194 | D:9      | Noticed an occultist
  9393 | D:9      | Noticed Prince Ribbit
  9398 | D:9      | Killed Prince Ribbit
  9436 | D:9      | Noticed a black mamba
  9475 | D:9      | Found a hazy altar of Hepliaklqana.
  9523 | D:9      | Noticed an entropy weaver
  9525 | D:9      | an entropy weaver changed into a hornet
  9638 | D:9      | Noticed a black mamba
  9639 | D:9      | a black mamba changed into a black bear
  9667 | D:10     | Entered Level 10 of the Dungeon
  9684 | D:10     | Paralysed by a hornet for 1 turns
  9991 | D:10     | Found a hide-covered altar of Uskayaw.
 10095 | D:10     | Found a sparkling altar of Nemelex Xobeh.
 10190 | D:10     | Reached skill level 1 in Armour
 10221 | D:10     | Found a broken altar of Ashenzari.
 10256 | D:10     | Gained mutation: You have a small tail. [demonic ancestry]
 10256 | D:10     | Reached XP level 11. HP: 78/78 MP: 11/11
 11075 | D:6      | Bought a scroll of teleportation for 42 gold pieces
 11075 | D:6      | Bought a scroll of vulnerability for 56 gold pieces
 11075 | D:6      | Bought a scroll of identify for 28 gold pieces
 11075 | D:6      | Bought a scroll of identify for 28 gold pieces
 11075 | D:6      | Bought a scroll of teleportation for 42 gold pieces
 11075 | D:6      | Bought a scroll of identify for 28 gold pieces
 11075 | D:6      | Bought a scroll of immolation for 56 gold pieces
 11075 | D:6      | Bought a scroll of identify for 28 gold pieces
 11200 | D:11     | Reached skill level 5 in Fighting
 11256 | D:11     | Noticed Snorg
 11280 | D:11     | Killed Snorg
 11749 | D:11     | Noticed a purple ugly thing
 11757 | D:11     | Killed a purple ugly thing
 11996 | D:11     | Paralysed by a hornet for 3 turns
 12001 | D:11     | Reached skill level 1 in Evocations
 12057 | D:11     | Noticed a skeletal warrior
 12070 | D:11     | Killed a skeletal warrior
 12196 | D:11     | Noticed a centaur warrior
 12202 | D:11     | Noticed a deep elf pyromancer
 12281 | D:11     | Killed a centaur warrior
 12292 | D:11     | Killed a deep elf pyromancer
 12324 | D:11     | Noticed a death knight
 12346 | D:11     | Killed a death knight
 12421 | D:11     | Reached XP level 12. HP: 96/96 MP: 12/12
 12428 | D:11     | Noticed a catoblepas
 12432 | D:11     | Killed a catoblepas
 12437 | D:11     | Reached skill level 10 in Fighting
 12492 | D:11     | Noticed a tengu warrior
 12509 | D:11     | Killed a tengu warrior
 12661 | D:11     | Noticed a centaur warrior
 12673 | D:11     | Killed a centaur warrior
 12674 | D:11     | Reached skill level 1 in Shields
 12699 | D:11     | Found a staircase to the Lair.
 12705 | Lair:1   | Entered Level 1 of the Lair of Beasts
 12734 | Lair:1   | Reached skill level 2 in Shields
 12797 | Lair:1   | Reached skill level 3 in Shields
 12853 | Lair:1   | Reached skill level 4 in Shields
 12932 | Lair:1   | Reached ****** piety under Wu Jian
 13122 | Lair:1   | Reached skill level 5 in Armour
 14182 | Lair:2   | Reached skill level 5 in Shields
 14343 | Lair:2   | Reached skill level 6 in Shields
 14465 | Lair:2   | Found a hole to the Spider Nest.
 14723 | Lair:2   | Reached skill level 7 in Shields
 14785 | Lair:2   | Found a staircase to the Shoals.
 14956 | Lair:2   | Noticed a boulder beetle
 14966 | Lair:2   | Killed a boulder beetle
 14967 | Lair:2   | Gained mutation: You regenerate a lot of health from kills.
                  | [demonic ancestry]
 14967 | Lair:2   | Reached XP level 13. HP: 104/104 MP: 13/13
 15485 | Lair:3   | Found a snail-covered altar of Cheibriados.
 15605 | Lair:3   | Noticed Gastronok
 15703 | Lair:3   | Killed Gastronok
 15810 | Lair:3   | Identified the +2 glaive of Imminent Death {freeze, rElec
                  | rPois Will- Int+6}
 16308 | Lair:4   | Got the Handbook of Hyperthermia
 16442 | Lair:4   | Found a staircase to the Slime Pits.
 16443 | Lair:4   | Found a viscous altar of Jiyva.
 17208 | Lair:5   | Entered Level 5 of the Lair of Beasts
 18154 | Lair:5   | Gained mutation: You have a tail ending in a sharp stinger.
                  | [demonic ancestry]
 18154 | Lair:5   | Reached XP level 14. HP: 120/120 MP: 14/14
 18529 | Lair:5   | Reached skill level 15 in Fighting
 18620 | Lair:5   | Reached skill level 8 in Shields
 18721 | Lair:5   | Reached skill level 9 in Shields
 19141 | D:12     | Found a staircase to the Orcish Mines.
 19472 | D:12     | Found Wemoich's Assorted Antiques.
 19821 | D:12     | Bought a ruby potion for 26 gold pieces
 19821 | D:12     | Bought a tourmaline ring for 145 gold pieces
 19902 | Orc:1    | Entered Level 1 of the Orcish Mines
 20031 | Orc:1    | Reached skill level 10 in Shields
 20100 | Orc:1    | Found a dark tunnel.
 20126 | Volcano  | Entered a volcano
 20254 | Volcano  | Noticed an orb of fire
 20261 | Volcano  | Reached skill level 11 in Shields
 20369 | Volcano  | Noticed an orb of fire
 21009 | Orc:2    | Entered Level 2 of the Orcish Mines
 21084 | Orc:2    | Noticed Nessos
 21089 | Orc:2    | Killed Nessos
 21114 | Orc:2    | Found a staircase to the Elven Halls.
 21134 | Orc:2    | Noticed Sonja
 21138 | Orc:2    | Killed Sonja
 21139 | Orc:2    | Reached XP level 15. HP: 129/129 MP: 15/15
 21157 | Orc:2    | Found Desisig's Antique Weapon Boutique.
 21163 | Orc:2    | Found Vekoash's General Store.
 21163 | Orc:2    | Found Nasiy's General Store.
 21167 | Orc:2    | Found Etaide's General Store.
 22716 | D:13     | Found a gate to the Vaults.
 23219 | D:14     | Reached skill level 12 in Shields
 23675 | D:15     | Entered Level 15 of the Dungeon
 23697 | D:15     | Reached skill level 13 in Shields
 23727 | D:15     | Found a staircase to the Depths.
 23736 | D:15     | Reached skill level 14 in Shields
 23743 | D:15     | Paralysed by an ogre mage for 5 turns
 23757 | D:15     | Reached skill level 15 in Shields
 24443 | Shoals:1 | Entered Level 1 of the Shoals
 24596 | Spider:1 | Entered Level 1 of the Spider Nest
 24856 | Spider:1 | Reached skill level 16 in Shields
 24904 | Spider:1 | Gained mutation: Spells you cast may paralyse adjacent
                  | enemies. [demonic ancestry]
 24904 | Spider:1 | Reached XP level 16. HP: 70/140 MP: 16/16
 24978 | Spider:1 | Reached skill level 17 in Shields
 25063 | Spider:1 | Identified a scroll of acquirement
 25064 | Spider:1 | Acquired 1069 gold pieces
 25675 | Spider:2 | Identified the ring "Sykhloh" {rPois rF+ Will+ Str+6 Dex-3}
 25857 | Spider:2 | Reached skill level 18 in Shields
 27204 | Spider:3 | Slain by a spark wasp

Illustrated notes

Levels and vault maps discovered:
D:1:      dpeg_arrival_connections, layout_rooms
D:2:      layout_basic, nicolae_ecumenical_oubliette, basic_altar,
          chequers_serial_rivers_large_a, roderic_roman_lattice
D:3:      layout_basic, trog_book, mainiacjoe_overflow_boulevard,
          old_standard_altar, gammafunk_ghost_nasty_kobolds
D:4:      layout_basic, jmf_multi_god_temple2, lemuel_crystal_altar,
          cheibrodos_sewer_entry_bend
D:5:      layout_layer_cave, uniq_ijyb
D:6:      layout_rooms, minmay_temple_entry_large_hall, enter_ossuary_3,
          serial_shops, shop, nicolae_shop_window_shopping, uniq_menkaure,
          uniq_jeremiah, uniq_grinder
D:7:      layout_basic, grunt_temple_overflow_magic_moments,
          nicolae_qazlal_style_of_elements, nicolae_the_louvre
D:8:      layout_loops_cross, serial_undead, serial_undead_b, serial_undead_f,
          serial_undead_f, serial_undead_e
D:9:      layout_rooms, worldfamousw_hep_ancestral_shrine,
          okawaru_ov_weapons_minmay, ebering_ghost_gozag, st_stairs_6,
          grunt_ministairs_5, solitary_fountain, dreamdust_deal_with_the_devil,
          uniq_prince_ribbit1, uniq_psyche
D:10:     layout_layer_cave, ashenzari_altar_1, eat_drink_and_be_merry_uskayaw,
          nemelex_xobeh_ov_fountains_minmay, eino_tiny_chamber,
          grunt_ministairs_9, minmay_door_square
D:11:     hangedman_cross_veins, layout_long_grid,
          grunt_lair_entry_orc_guard_hut, serial_glass, glass_columns_c,
          glass_columns_a, glass_columns_a, glass_columns_a, glass_columns_c,
          glass_columns_a, uniq_snorg
D:12:     layout_irregular_city, hiddenorc2_lemuel, serial_shops,
          nicolae_shop_hallway_plus
D:13:     layout_rooms, david_vaults_5
D:14:     layout_small_grid, corexii_corridor_pit
D:15:     gammafunk_depths_entry_grave, layout_long_grid,
          chequers_serial_rivers_micro_b
Temple:   hellmonk_temple_two_chambers
Lair:1:   layout_big_grid
Lair:2:   layout_long_grid, shoals_dummy_entry,
          hellmonk_spider_entry_not_the_bees, nicolae_lair_run_with_the_wolves
Lair:3:   layout_roguey, kennysheep_snail_temple, uniq_gastronok
Lair:4:   layout_cave_shapes, nicolae_slime_entry_slimehenge,
          serial_bayou_shore_b
Lair:5:   due_jungle_book, layout_small_grid
Shoals:1: layout_shoals
Spider:1: layout_spider_delve, hangedman_spider_tarantella_strand
Spider:2: layout_spider_delve, nicolae_looking_at_the_future
Spider:3: layout_spider_delve, hangedman_spider_mandibles
Orc:1:    layout_diamond_mine, enter_volcano_3
Orc:2:    st_orc_mages, layout_caves, nicolae_orc_lava_tube, uniq_nessos,
          uniq_sonja

Skill      XL: |  1  2  3  4  5  6  7  8  9 10 11 12 13 14 15 16 |
---------------+-------------------------------------------------+-----
Ranged Weapons | 4 |  4.0
Short Blades   | 1 2 3 |  3.1
Long Blades    | 2 4 5 7 10 11 13 | 13.8
Fighting       | 3 4 9 10 14 15 16 | 16.8
Dodging        | 3 |  3.2
Armour         | 2 4 6 7 8 |  8.1
Evocations     | 4 |  4.0
Shields        | 7 11 16 18 | 18.7
Stealth        | |  0.8

Action                     |  1- 3 |  4- 6 |  7- 9 | 10-12 | 13-15 | 16-18 || total
---------------------------+-------+-------+-------+-------+-------+-------++-------
  Melee: Dagger            |    95 |   164 |   348 |    22 |       |       ||   629
         Punch             |       |     3 |     4 |       |       |       ||     7
         Long sword        |       |       |    30 |       |       |       ||    30
         Falchion          |       |       |   192 |     6 |       |       ||   198
         Scimitar          |       |       |       |   411 |  1075 |   381 ||  1867
         Tailslap          |       |       |       |    48 |   153 |    67 ||   268
   Fire: Shortbow          |    14 |   100 |    61 |       |       |       ||   175
  Throw: Dart              |       |       |       |    20 |     6 |       ||    26
         Javelin           |       |       |       |     1 |       |       ||     1
 Invoke: Heavenly Storm    |       |       |       |       |     5 |       ||     5
Ability: Lunge             |       |     6 |    19 |    48 |   120 |    34 ||   227
         Whirlwind         |       |     1 |    70 |    17 |   277 |    71 ||   436
         Wall Jump         |       |       |     4 |     6 |    19 |     7 ||    36
  Evoke: Wand              |       |       |       |     6 |     3 |       ||     9
    Use: Scroll            |       |     1 |     2 |    19 |    10 |     2 ||    34
         Potion            |       |       |       |     7 |     1 |     1 ||     9
   Stab: Sleeping          |     1 |       |       |       |     1 |       ||     2
 Armour: Ring mail         |    23 |       |    30 |     4 |       |       ||    57
         Leather armour    |    13 |       |       |       |       |       ||    13
         Robe              |    18 |    34 |   101 |       |       |       ||   153
         Skin              |       |       |     1 |       |       |       ||     1
         Chain mail        |       |       |       |   277 |   319 |       ||   596
         Scale mail        |       |       |       |       |   146 |   224 ||   370
  Dodge: Dodged            |    54 |    79 |   260 |   167 |   214 |   142 ||   916
  Block: Other             |       |    22 |    53 |       |       |       ||    75
         Reflection        |       |     3 |       |       |    19 |       ||    22
         Buckler           |       |       |     3 |    35 |   293 |   131 ||   462
